 Dungeon Crawl Stone Soup version 0.29-a0-284-gf9362112df (webtiles) character file.

Game seed: 15473387565251766107

5 spaghetti the Digger (level 1, -1/13 HPs)
             Began as a Demonspawn Earth Elementalist on Mar 21, 2022.
             Frozen to death by an endoplasm (4 damage)
             ... on level 1 of the Dungeon.
             The game lasted 00:00:56 (202 turns).

spaghetti the Digger (Demonspawn Earth Elementalist) Turns: 202, Time: 00:00:56

Health: -1/13      AC:  2    Str:  8    XL:     1   Next: 66%
Magic:  1/3        EV: 12    Int: 16    God:
Gold:   13         SH:  0    Dex: 13    Spells: 3/4 levels left

rFire   . . .      SeeInvis .   (no weapon)
rCold   . . .      Faith    .   (no shield)
rNeg    . . .      Spirit   .   b - +0 robe
rPois   .          Reflect  .   (no helmet)
rElec   .          Harm     .   g - scarf {shadows}
rCorr   .          Rampage  .   (no gloves)
Will    .....                   (no boots)
Stlth   ++........              (no amulet)
HPRegen 0.04/turn               (no ring)
MPRegen 0.08/turn               (no ring)

@: no status effects
A: no striking features
a: no special abilities


You were on level 1 of the Dungeon.
You visited 1 branch of the dungeon, and saw 1 of its levels.

You collected 13 gold pieces.


   Skills:
 - Level 1.7 Dodging
 - Level 1.7 Stealth
 + Level 2.1 Spellcasting
 - Level 0.8 Transmutations
 + Level 2.9 Earth Magic


You had 3 spell levels left.
You knew the following spells:

 Your Spells              Type           Power      Damage    Failure   Level
a - Sandblast             Erth           22%        2d7       6%          1

Your spell library contained the following spells:

 Spells                   Type           Power      Damage    Failure   Level
 Passwall                 Tmut/Erth      5%         N/A       14%         2
 Stone Arrow              Conj/Erth      12%        3d7       32%         3
 Petrify                  Tmut/Erth      7%         N/A       67%         4

Inventory:

Hand Weapons
 d - a +0 club {mace}
   (You took it off a goblin on level 1 of the Dungeon)
 e - a +0 short sword {short}
   (You took it off a kobold on level 1 of the Dungeon)
 f - a +0 whip {mace}
   (You found it on level 1 of the Dungeon)
Missiles
 a - 48 stones {throwing}
Armour
 b - a +0 robe (worn)
 g - a scarf of shadows (worn)
   (You found it on level 1 of the Dungeon)
Potions
 c - a potion of magic

Dungeon Overview and Level Annotations

Branches:
Dungeon (1/15)

Altars:

#....##.## #....##.#
##.......# ########
#.......######.......
#....................
......................
#....###..#..##.......
..####...###....J.....
.......#.......@J.....
.##########....#######
##...# #...# #...#
#...# #..$# #####


You could see 2 endoplasms.


Message History

😎 MP[-1]
You lost 1 mp, and now have 2/3 mp.
d - a +0 club {mace} 😎 MP[+1]
Your mp is fully restored (3).
A kobold comes into view. It is wielding a +0 short sword.
A kobold is nearby!
The kobold throws a stone.
The stone barely misses you.
Aiming: Sandblast (safe; 7% risk of failure)
Press: ? - help, Q - select action, (/) - cycle Shift-Dir - straight line, f - you
Okay, then.
Aiming: Sandblast (safe; 7% risk of failure)
Press: ? - help, Q - select action, (/) - cycle Shift-Dir - straight line, f - kobold
Aim: a kobold, wielding a +0 short sword and quivering stones (74% to hit)
The blast of sand hits the kobold!
You kill the kobold!
You hear an angry hiss.
A ball python comes into view. 😎 MP[-1]
You lost 1 mp, and now have 2/3 mp.
A ball python is nearby!
Aiming: Sandblast (safe; 6% risk of failure)
Press: ? - help, Q - select action, (/) - cycle Shift-Dir - straight line, f - ball python
Aim: a ball python (77% to hit)
The blast of sand hits the ball python!
You kill the ball python! 😎 MP[-1]
You lost 1 mp, and now have 1/3 mp.
e - a +0 short sword {short};
a - 29 stones {throwing} (gained 2)
You see here a ball python corpse.
You start resting. 😎 MP[+2]
Your mp is fully restored (3).
f - a +0 whip {mace}
Found a stone staircase leading down.
A hobgoblin comes into view.
A hobgoblin is nearby!
A hobgoblin is nearby!
Aiming: Sandblast (safe; 6% risk of failure)
Press: ? - help, Q - select action, (/) - cycle Shift-Dir - straight line, f - hobgoblin
Aim: a hobgoblin (asleep, 100% to hit)
The blast of sand hits the hobgoblin.
You kill the hobgoblin! 😎 MP[-1]
You lost 1 mp, and now have 2/3 mp.
You now have 13 gold pieces.
Found a glowing scarf. 😎 MP[+1]
Your mp is fully restored (3).
Unknown command.
You see here a scarf of shadows.
g - a scarf of shadows You start putting on your armour.
You continue putting on your scarf of shadows. x4
You finish putting on your scarf of shadows.
It gets dark.
a - 50 stones {throwing} (gained 22)
There are no items here.
A ball python comes into view.
An endoplasm comes into view.
The endoplasm quivers.
An endoplasm comes into view.
The ball python hisses angrily.
The ball python closely misses you. The ball python barely misses you.
The endoplasm freezes you.
You are frozen. 😕 HP[-2]
You take 2 damage, and now have 11/13 hp.
Aiming: Sandblast (safe; 6% risk of failure)
Press: ? - help, Q - select action, (/) - cycle Shift-Dir - straight line, f - ball python
Aim: a ball python (77% to hit)
The blast of sand misses the ball python.
The endoplasm quivers.
The ball python bites you. The ball python grabs you.
The ball python constricts you. The endoplasm freezes you.
You are frozen. 😮 HP[-4] MP[-1]
You take 4 damage, and now have 7/13 hp.
MASSIVE DAMAGE!! (PAUSE)
You lost 1 mp, and now have 2/3 mp.
Aiming: Sandblast (safe; 6% risk of failure)
Press: ? - help, Q - select action, (/) - cycle Shift-Dir - straight line, f/p - ball python
Aim: a ball python (constricting you, 77% to hit)
The blast of sand hits the ball python!
You kill the ball python!
The endoplasm hits you but does no damage. 😮 MP[-1]
You lost 1 mp, and now have 1/3 mp.
Really attack while wielding nothing? [Y]es or [N]o only, please.
Really attack while wielding nothing?
You hit the endoplasm but do no damage. The endoplasm freezes you.
You are frozen.
* * * LOW HITPOINT WARNING * * *
The endoplasm freezes you.
You are frozen.
You die...

Action                   || total
-------------------------++-------
Melee: Unarmed           ||     1
 Cast: Sandblast         ||     6
Armor: Robe              ||     1
Dodge: Dodged            ||     3

Levels and vault maps discovered:
D:1:      onia_arrival_mini_spirals, layout_rooms, lemuel_flame_loot_1

Notes
Turn   | Place    | Note
-------+----------+-------------------------------------------
     0 | D:1      | spaghetti the Demonspawn Earth Elementalist began the quest
                  | for the Orb.
     0 | D:1      | Reached XP level 1. HP: 13/13 MP: 3/3
     0 | D:1      | magus.rc [v1.9.6]
   202 | D:1      | HP: 3/13 [frozen (4)]
   202 | D:1      | Frozen to death by an endoplasm

Vanquished Creatures
  A goblin (D:1)
  A hobgoblin (D:1)
  A kobold (D:1)
  2 ball pythons (D:1)
5 creatures vanquished.

Table legend:
 A = Non-vault XP
 B = Vault XP
 C = Vault XP percentage of total XP
 D = Non-vault monster count
 E = Vault monster count
 F = Vault count percentage of total count
                 A         B        C        D         E       F
            +---------+---------+-------+---------+---------+-------
      Total |       8 |       0 |   0.0 |       5 |       0 |   0.0
            +---------+---------+-------+---------+---------+-------
        D:1 |       8 |       0 |   0.0 |       5 |       0 |   0.0
            +---------+---------+-------+---------+---------+-------

Illustrated notes

Table legend:
 A = Kills in this place as a percentage of kills in entire the game.
 B = Kills by you in this place as a percentage of kills by you in the entire game.
 C = Kills by friends in this place as a percentage of kills by friends in the entire game.
 D = Other kills in this place as a percentage of other kills in the entire game.
 E = Experience gained in this place as a percentage of experience gained in the entire game.
 F = Experience gained in this place divided by the number of levels of this place that you have seen.
                   A       B       C       D       E      F
               +-------+-------+-------+-------+-------+----------------------
         Total | 100.0 | 100.0 |   N/A |   N/A | 100.0 |   8.0
       Dungeon | 100.0 | 100.0 |   N/A |   N/A | 100.0 |   8.0
               +-------+-------+-------+-------+-------+----------------------

Table legend: (Time is in decaauts)
 A = Elapsed time spent in this place.
 B = Non-inter-level travel time spent in this place.
 C = Inter-level travel time spent in this place.
 D = Time resting spent in this place.
 E = Time spent auto-exploring this place.
 F = Levels seen in this place.
 G = Mean time per level.
                   A        B        C        D        E       F      G
               +--------+--------+--------+--------+--------+-----+--------+
         Total |    202 |    202 |      0 |     20 |    136 |   1 |  202.0 |
       Dungeon |    202 |    202 |      0 |     20 |    136 |   1 |  202.0 |
               +--------+--------+--------+--------+--------+-----+--------+

Top non-repeatable levels by time:
     D:1: 202 daAuts
